 Dungeon Crawl Stone Soup version 0.22.1-2-g9c5b331383 (webtiles) character file.

644 Revguard the Firebug (level 7, 0/52 HPs)
             Began as a Purple Draconian Fire Elementalist on Dec 3, 2018.
             Killed by divine providence
             ... invoked by an orc priest
              (11 damage)
             ... on level 5 of the Dungeon.
             The game lasted 00:25:38 (5126 turns).

Revguard the Firebug (DrFE)                         Turns: 5126, Time: 00:25:39

Health: 0/52       AC:  6    Str: 11    XL:     7   Next: 26%
Magic:  28/29      EV: 13    Int: 17    God:
Gold:   194        SH:  0    Dex: 11    Spells: 0/15 levels left

rFire    . . .     SeeInvis .   d - staff of power
rCold    . . .     Gourm    .   (no shield)
rNeg     . . .     Faith    .   (armour unavailable)
rPois    .         Spirit   .   (helmet restricted)
rElec    .         Reflect  .   (no cloak)
rCorr    .         Harm     .   (no gloves)
MR       ++...     Clarity  +   (no boots)
Stlth    ++........             (no amulet)
HPRegen  0.17/turn              (no ring)
MPRegen  0.21/turn              (no ring)

@: no status effects
A: breathe power, unfitting armour, stinger 1, clarity, magic resistance 1, wild
magic 1, cold-blooded, AC +6
a: Breathe Dispelling Energy


You were on level 5 of the Dungeon.
You were near starving.

You visited 1 branch of the dungeon, and saw 5 of its levels.

You collected 194 gold pieces.

Inventory:

Magical Staves
 d - an uncursed staff of power (weapon)
Scrolls
 e - a scroll of immolation {unknown}
 i - a scroll of random uselessness {unknown}
 j - 2 scrolls of amnesia {unknown}
 k - a scroll of identify
 l - a scroll of remove curse {unknown}
Potions
 c - 3 potions of flight
 f - 2 potions of haste
 g - 2 potions of cancellation {unknown}
 h - a potion of invisibility {unknown}
Comestibles
 b - 8 rations


   Skills:
 + Level 1.3 Fighting
 * Level 1.2 Staves
 + Level 3.3 Dodging
 - Level 2.0 Stealth
 + Level 4.7 Spellcasting
 + Level 3.2 Conjurations
 + Level 5.4 Fire Magic


You couldn't memorise any spells.
You knew the following spells:

 Your Spells              Type           Power        Failure   Level  Hunger
a - Flame Tongue          Conj/Fire      ###..        4%          1    None
b - Throw Flame           Conj/Fire      ###...       6%          2    #......
c - Inner Flame           Hex/Fire       ###.....     21%         3    ###....
d - Sticky Flame          Conj/Fire      ###.....     32%         4    ####...
e - Fireball              Conj/Fire      ###.......   65%         5    ######.

Your spell library contained the following spells:

 Spells                   Type           Power        Failure   Level  Hunger
 Conjure Flame            Conj/Fire      ###.....     12%         3    ###....


Dungeon Overview and Level Annotations

Branches:
Dungeon (5/15)
 Temple: D:4-7

Altars:
Ashenzari
Gozag
Vehumet
Xom
Yredelemnul
Zin


Innate Abilities, Weirdness & Mutations

You can breathe bolts of dispelling energy.
Your rich purple scales are hard. (AC +6)
You cannot fit into any form of body armour.
You are cold-blooded and may be slowed by cold attacks.
Your tail ends in a poisonous barb.
You possess an exceptional clarity of mind.
You are resistant to hostile enchantments. (MR+)
Your spells are a little harder to cast, but a little more powerful.


Message History

An orc priest comes into view. It is wielding a hand axe.
The orc priest shouts!
The centaur shoots an arrow.
The arrow hits you!
The centaur shoots an arrow.
The arrow hits you.
You see here 3 arrows.
The centaur shoots an arrow.
The arrow hits you!
You see here an arrow.
A hound comes into view.
The hound moves out of view.
The centaur shoots an arrow.
The arrow hits you!
The centaur shoots an arrow.
The arrow misses you.
As you read the scroll labeled EQEOMAXZAF, it crumbles to dust.
You hear a loud clanging noise!
It was a scroll of noise.
The hound barks!
You hear a shout!
You hear an angry hiss.
The centaur shoots an arrow.
The arrow hits you.
* * * LOW HITPOINT WARNING * * *
The orc priest mumbles some strange prayers to Beogh against you.
Beogh smites you!
You die...

#.# #.... #.... #.....#....####
#.# #.....#.....#.....#......##
#.# #..#..#..#..#..#..#......##
#.#'###..#..#..#..#..#..#......##
#.#.....F#.....#.....#..#......#
#.# ...oO#.....#.....#..#......#
#.####################c.#......#
#[......................#......#
#...............@..(.(..#......#
######################o.#......#
#.....#.h...#..########
#.....#.?a..#..# #..#..#..#..#..#
#..#..#..#..#..# ...#.....#...o.#
...# ....#


You could see a centaur, a hound, a worker ant and an orc priest.

Vanquished Creatures
  Grinder (D:3)
  An ogre (D:4)
  2 orc wizards (D:3)
  A centaur skeleton (D:4)
  An iguana (D:2)
  A worker ant (D:4)
  A hound skeleton (D:4)
  Robin (D:3)
  7 adders (D:2)
  An adder skeleton (D:4)
  3 worms
  2 leopard geckos
  7 orcs
  6 bats
  4 giant cockroaches
  18 goblins
  10 hobgoblins
  7 jackals
  4 kobolds
  6 quokkas
  2 ball pythons
  7 frilled lizards
  8 rats
  A plant (D:3)
102 creatures vanquished.

Vanquished Creatures (others)
  An orc wizard (D:3)
  A frilled lizard (D:3)
  A plant (D:3)
3 creatures vanquished.

Grand Total: 105 creatures vanquished

Notes
Turn   | Place    | Note
-------+----------+-------------------------------------------
     0 | D:1      | Revguard the Draconian Fire Elementalist began the quest
                  | for the Orb.
     0 | D:1      | Reached XP level 1. HP: 14/14 MP: 3/3
   168 | D:1      | Reached XP level 2. HP: 20/20 MP: 3/5
   172 | D:1      | Learned a level 2 spell: Throw Flame
   910 | D:2      | Reached XP level 3. HP: 24/26 MP: 0/6
  1202 | D:2      | Learned a level 3 spell: Inner Flame
  1368 | D:2      | Reached skill level 4 in Fire Magic
  1368 | D:2      | Reached XP level 4. HP: 34/34 MP: 0/7
  1702 | D:2      | Gained mutation: You possess an exceptional clarity of
                  | mind. [potion of mutation]
  1702 | D:2      | Gained mutation: You have a pair of small horns on your
                  | head. [potion of mutation]
  2038 | D:2      | Lost mutation: You have a pair of small horns on your head.
                  | [potion of mutation]
  2038 | D:2      | Lost mutation: You possess an exceptional clarity of mind.
                  | [potion of mutation]
  2038 | D:2      | Gained mutation: You are resistant to hostile enchantments.
                  | (MR+) [potion of mutation]
  2038 | D:2      | Gained mutation: Your spells are a little harder to cast,
                  | but a little more powerful. [potion of mutation]
  2038 | D:2      | Gained mutation: Your tail ends in a poisonous barb.
                  | [potion of mutation]
  2038 | D:2      | Gained mutation: You possess an exceptional clarity of
                  | mind. [potion of mutation]
  2215 | D:2      | Reached XP level 5. HP: 31/39 MP: 2/9
  2779 | D:3      | Noticed Robin
  2784 | D:3      | Killed Robin
  2872 | D:3      | Reached skill level 1 in Fighting
  3169 | D:3      | Found a radiant altar of Vehumet.
  3645 | D:3      | Found a shattered altar of Ashenzari.
  3720 | D:3      | Noticed Grinder
  3722 | D:3      | Paralysed by Grinder for 2 turns
  3730 | D:3      | Killed Grinder
  3730 | D:3      | Reached skill level 5 in Fire Magic
  3730 | D:3      | Reached XP level 6. HP: 47/47 MP: 2/11
  3817 | D:3      | Learned a level 4 spell: Sticky Flame
  4357 | D:4      | Your scales start taking on a rich purple colour.
  4357 | D:4      | Reached XP level 7. HP: 40/52 MP: 13/13
  4382 | D:4      | Learned a level 5 spell: Fireball
  4549 | D:4      | Reached skill level 1 in Staves
  4705 | D:4      | Found a glowing silver altar of Zin.
  4707 | D:4      | Found an opulent altar of Gozag.
  4707 | D:4      | Found a basalt altar of Yredelemnul.
  4712 | D:4      | Found a shimmering altar of Xom.
  4889 | D:5      | Entered Level 5 of the Dungeon
  5126 | D:5      | Killed from afar by an orc priest

Skill      XL: |  1  2  3  4  5  6  7 |
---------------+----------------------+-----
Stealth        | 2 |  2.0
Dodging        | 2 3 |  3.3
Conjurations   | 2 3 |  3.2
Fire Magic     | 4 5 |  5.4
Spellcasting   | 3 4 |  4.7
Fighting       | 1 |  1.3
Staves         | 1 |  1.2

Action                   |  1- 3 |  4- 6 |  7- 9 || total
-------------------------+-------+-------+-------++-------
Melee: Unarmed           |    25 |   332 |       ||   357
       Tailslap          |     3 |    62 |       ||    65
       Headbutt          |       |     3 |       ||     3
       Staff             |       |    17 |     1 ||    18
 Cast: Flame Tongue      |    38 |    83 |     8 ||   129
       Throw Flame       |    12 |    33 |     6 ||    51
       Inner Flame       |     2 |     1 |     1 ||     4
       Sticky Flame      |       |     1 |     1 ||     2
  Use: Potion            |       |     9 |       ||     9
       Scroll            |       |     3 |     2 ||     5
  Eat: Chunk             |     2 |    12 |       ||    14
       Ration            |       |       |     1 ||     1
Armor: Skin              |     8 |    73 |     1 ||    82
Dodge: Dodged            |    36 |   161 |     3 ||   200
